 Dungeon Crawl Stone Soup version 0.21.1-1-g345015f (webtiles) character file.

79 Monsterracer the Insei (level 4, 0/28 HPs)
             Began as an Octopode Arcane Marksman on Feb 18, 2018.
             Slain by Natasha (5 damage)
             ... on level 3 of the Dungeon.
             The game lasted 00:03:08 (2325 turns).

Monsterracer the Insei (Octopode Arcane Marksman)   Turns: 2325, Time: 00:03:08

Health: 0/28       AC:  1    Str:  9    XL:     4   Next: 37%
Magic:  5/5        EV: 13    Int: 16    God:
Gold:   162        SH:  0    Dex: 12    Spells: 4/5 levels left

rFire    . . .     SeeInvis .     - Unarmed
rCold    . . .     Gourm    .   (no shield)
rNeg     . . .     Faith    .   (helmet restricted)
rPois    .         Spirit   .   (no amulet)
rElec    .         Reflect  .   (no ring)
rCorr    .         Harm     .   (no ring)
MR       .....                  (no ring)
Stlth    +++.......             (no ring)
HPRegen  0.09/turn              (no ring)
MPRegen  0.09/turn              (no ring)
                                (no ring)
                                (no ring)

@: slowed, very slow
A: almost no armour, stealthy swim, amphibious, 8 rings, constrict 8, camouflage
1, gelatinous body 1
a: no special abilities


You were on level 3 of the Dungeon.
You were not hungry.

You visited 1 branch of the dungeon, and saw 3 of its levels.

You collected 162 gold pieces.

Inventory:

Missiles
 b - 2 javelins
 d - 2 throwing nets
 j - 23 stones (quivered)
Scrolls
 f - a scroll of enchant weapon {unknown}
 g - a scroll of identify {unknown}
 h - a scroll of magic mapping {unknown}
 l - 2 scrolls of remove curse {unknown}
Potions
 e - a potion of curing {unknown}
 i - a potion of haste
 k - a potion of might {unknown}
 n - a potion of flight {unknown}
 o - a potion of agility {unknown}
Books
 a - a book of Debilitation

   Spells                             Type                      Level
   a - Corona                         Hexes                        1
   b - Slow                           Hexes                        2
   c - Inner Flame                    Hexes/Fire                   3
   d - Portal Projectile              Hexes/Translocation          3
   e - Cause Fear                     Hexes                        4
   f - Leda's Liquefaction            Hexes/Earth                  4
Comestibles
 c - 4 rations


   Skills:
 - Level 1.0 Fighting
 - Level 2.0 Throwing
 - Level 2.0 Dodging
 + Level 1.9 Stealth
 * Level 3.5 Unarmed Combat
 - Level 1.0 Spellcasting
 - Level 3.0 Hexes


You had 4 spell levels left.
You knew the following spells:

 Your Spells              Type           Power        Failure   Level  Hunger
a - Corona                Hex            ##.....      7%          1    ##.....


Dungeon Overview and Level Annotations

Branches:
Dungeon (3/15)

Altars:

Annotations:
D:3 Natasha


Innate Abilities, Weirdness & Mutations

You cannot wear most types of armour.
You are very stealthy in the water. (Stealth+)
You are amphibious.
You can wear up to eight rings at the same time.
You can use your tentacles to constrict eight enemies at once.
Your skin changes colour to match your surroundings (Stealth+).
Your rubbery body absorbs attacks. (AC +1, EV +1)


Message History

Throwing (i - inventory. (,) - cycle):
j - 24 stones (quivered)
Press: ? - help, Shift-Dir - straight line, f - you Really target yourself? [Y]es or [N]o only, please.
Really target yourself?
Okay, then.
Unknown command.
j - 27 stones (gained 3)
A frilled lizard comes into view.
The frilled lizard moves out of view.
Natasha, Servant of Life and Death comes into view.
Natasha hisses angrily.
You see here 3 gold pieces.
Natasha casts a spell.
The crimson imp blinks!
Natasha drinks a potion.
Natasha seems to speed up.
There is a stone staircase leading up here.
Natasha casts a spell. x2
The white imp disappears for a moment.
You barely miss the frilled lizard. You grab the frilled lizard.
You constrict the frilled lizard. The frilled lizard bites you.
You take 2 damage, and have 26/28 hp.
You tentacle-slap the frilled lizard but do no damage.
The frilled lizard is heavily wounded.
You constrict the frilled lizard.
You kill the frilled lizard!
The crimson imp blinks!
Natasha casts a spell at you. The magic dart hits you!
You climb upwards.
There is a stone staircase leading down here.
You take 5 damage, and have 21/28 hp.
You start resting.
HP restored.
Health restored: 28 You climb downwards.
Level annotation: Natasha
There is a stone staircase leading up here.
Natasha stares at you and mumbles some strange words.
The magic dart hits you!
You take 8 damage, and have 20/28 hp.
MASSIVE DAMAGE!!
Natasha is nearby!
Throwing (i - inventory. (,) - cycle):
j - 27 stones (quivered)
Press: ? - help, Shift-Dir - straight line, f - Natasha
Aim: Natasha You throw a stone.
The stone closely misses Natasha.
Throwing (i - inventory. (,) - cycle):
j - 26 stones (quivered)
Press: ? - help, Shift-Dir - straight line, f/p - Natasha
Aim: Natasha You throw a stone.
The stone hits Natasha but does no damage.
Throwing (i - inventory. (,) - cycle):
j - 25 stones (quivered)
Press: ? - help, Shift-Dir - straight line, f/p - Natasha
Aim: Natasha You throw a stone.
The stone closely misses Natasha.
Natasha stares at you and mumbles some strange words.
The magic dart hits you!
Throwing (i - inventory. (,) - cycle):
j - 24 stones (quivered)
Press: ? - help, Shift-Dir - straight line, f/p - Natasha
Aim: Natasha You throw a stone.
The stone hits Natasha.
Natasha is lightly wounded.
Natasha casts a spell at you.
You feel yourself slow down.
You take 4 damage, and have 16/28 hp.
Natasha extends her claws.
There is a stone staircase leading up here.
Natasha claws you.
You climb upwards.
There is a stone staircase leading down here.
You take 2 damage, and have 15/28 hp.
Natasha claws you.
* * * LOW HITPOINT WARNING * * *
Natasha claws you.
* * * LOW HITPOINT WARNING * * *
You climb downwards.
There is a stone staircase leading up here.
You take 6 damage, and have 9/28 hp.
MASSIVE DAMAGE!!
Unknown command.
Unknown command.
Unknown command.
You tentacle-slap Natasha. Your grab misses Natasha.
Natasha is heavily wounded.
Natasha claws you.
* * * LOW HITPOINT WARNING * * *
You take 2 damage, and have 7/28 hp.
You completely miss Natasha. Your grab misses Natasha.
Natasha is heavily wounded.
Natasha closely misses you. Natasha claws you.
* * * LOW HITPOINT WARNING * * *
You take 2 damage, and have 5/28 hp.
You tentacle-slap Natasha. Your grab misses Natasha.
Natasha is severely wounded.
Natasha misses you.
Fire/throw which item? (* to show all) (? for menu, Esc to quit)
Okay, then.
You tentacle-slap Natasha. Your grab misses Natasha.
Natasha is almost dead.
Natasha claws you.
You die...

#####...#
#.......#
#.......#
#.......#
#.......#.# ....
#.......#.#....#
##.......#.#....#
#.....@†.#.#....#
#...#.h#........#
#. #.).......# .#
##.#......# ...
#.........# ....
#.........###....
#..............#
#....###(......#
#....# #.([....#


You could see Natasha.

Vanquished Creatures
  2 adders (D:2)
  An ooze (D:1)
  A worm (D:2)
  3 dart slugs (D:1)
  5 leopard geckos
  An orc (D:3)
  4 bats
  2 giant cockroaches (D:2)
  3 goblins
  7 hobgoblins
  2 kobolds
  A quokka (D:2)
  4 frilled lizards
  5 rats
41 creatures vanquished.

Notes
Turn   | Place    | Note
-------+----------+-------------------------------------------
     0 | D:1      | Monsterracer the Octopode Arcane Marksman began the quest for the Orb.
     0 | D:1      | Reached XP level 1. HP: 13/13 MP: 2/2
   219 | D:1      | Reached skill level 1 in Unarmed Combat
   294 | D:1      | Reached XP level 2. HP: 10/18 MP: 3/3
   858 | D:1      | HP: 9/18 [ooze (5)]
   859 | D:1      | Reached XP level 3. HP: 12/23 MP: 4/4
   861 | D:1      | HP: 3/23 [hobgoblin (5)]
  1450 | D:2      | Reached skill level 1 in Stealth
  1571 | D:2      | Reached XP level 4. HP: 22/28 MP: 5/5
  2221 | D:3      | Noticed Natasha
  2320 | D:2      | HP: 13/28 [Natasha (2)]
  2323 | D:3      | HP: 5/28 [Natasha (2)]
  2325 | D:3      | Slain by Natasha

Skill      XL: |  1  2  3 |
---------------+----------+-----
Unarmed Combat | 1 2 3 |  3.5
Stealth        | 1 |  1.9
Fighting       | |  1.0
Throwing       | |  2.0
Dodging        | |  2.0
Spellcasting   | |  1.0
Hexes          | |  3.0

Action                   |  1- 3 |  4- 6 || total
-------------------------+-------+-------++-------
Melee: Unarmed           |    74 |    33 ||   107
       Constrict         |    18 |     8 ||    26
       Tentacles         |     9 |     6 ||    15
Throw: Javelin           |     5 |       ||     5
       Stone             |       |    25 ||    25
 Stab: Sleeping          |     5 |     4 ||     9
  Eat: Chunk             |     2 |     2 ||     4
Armor: Skin              |     3 |     1 ||     4
Dodge: Dodged            |    41 |    13 ||    54

Vault maps used:
D:1:      lightli_arrival_statue_moat, serial_forest,
          infiniplex_forest_lined_corner, infiniplex_forest_end_3,
          infiniplex_forest_clump_medium, infiniplex_forest_straight_3,
          infiniplex_forest_clump_tiny, infiniplex_forest_corner_1,
          infiniplex_forest_clump_tiny, infiniplex_forest_clump_C,
          infiniplex_forest_corner_1, infiniplex_forest_clump_diagonal,
          fountainhead
D:3:      uniq_natasha
